 Dungeon Crawl Stone Soup version 0.23-a0-644-gb60d84b635 (webtiles) character file.

699 Artagas the Chiller (level 7, -10/46 HPs)
             Began as a Merfolk Ice Elementalist on Jan 2, 2019.
             Killed by divine providence
             ... invoked by an orc priest
              (15 damage)
             ... on level 4 of the Dungeon.
             The game lasted 00:19:31 (6062 turns).

Artagas the Chiller (Merfolk Ice Elementalist)      Turns: 6062, Time: 00:19:32

Health: -10/46     AC:  4    Str: 10    XL:     7   Next: 65%
Magic:  1/11       EV: 13    Int: 15    God:
Gold:   120        SH:  0    Dex: 14    Spells: 2/12 levels left

rFire    . . .     SeeInvis .   k - +0 long sword
rCold    . . .     Gourm    .   (no shield)
rNeg     . . .     Faith    .   a - +0 robe
rPois    .         Spirit   .   f - +1 helmet (curse)
rElec    .         Reflect  .   (no cloak)
rCorr    .         Harm     .   (no gloves)
MR       .....                  (no boots)
Stlth    ++........             (no amulet)
HPRegen  0.15/turn              (no ring)
MPRegen  0.12/turn              (no ring)

@: no status effects
A: change form in water, swift swim, stealthy swim
a: no special abilities


You were on level 4 of the Dungeon.
You were not hungry.

You visited 1 branch of the dungeon, and saw 4 of its levels.

You collected 120 gold pieces.

Inventory:

Hand Weapons
 k - a +0 long sword (weapon)
   (You found it on level 2 of the Dungeon)
 l - a +0 spear
   (You found it on level 1 of the Dungeon)
 v - a +1 halberd
   (You took it off a gnoll on level 3 of the Dungeon)
 A - a +0 dagger of speed
   (You took it off Ijyb on level 3 of the Dungeon)
Armour
 a - a +0 robe (worn)
 f - a cursed +1 helmet (worn)
   (You took it off Robin on level 3 of the Dungeon)
 g - a +0 chain mail of fire resistance
   (You took it off Terence on level 2 of the Dungeon)
 y - a +0 leather armour
   (You took it off an orc on level 3 of the Dungeon)
Wands
 z - a wand of enslavement (2)
   (You took it off Ijyb on level 3 of the Dungeon)
Scrolls
 b - a scroll of enchant weapon
 m - 2 scrolls of enchant armour
 r - 4 scrolls of identify
 w - 2 scrolls of remove curse
Potions
 c - a potion of heal wounds {unknown}
 d - a potion of degeneration {unknown}
 h - a potion of lignification
 j - a potion of mutation
 n - a potion of resistance
 p - 3 potions of flight {unknown}
 x - a potion of haste {unknown}
Comestibles
 e - 3 rations


   Skills:
 - Level 2.6 Dodging
 - Level 2.1 Stealth
 - Level 3.0 Spellcasting
 - Level 0.7 Conjurations
 - Level 2.5 Charms
 + Level 4.3 Summonings
 - Level 7.0 Ice Magic


You had 2 spell levels left.
You knew the following spells:

 Your Spells              Type           Power        Failure   Level  Hunger
a - Freeze                Ice            ###.         1%          1    #......
b - Throw Frost           Conj/Ice       ##....       6%          2    ##.....
c - Ozocubu's Armour      Chrm/Ice       ###.....     9%          3    ###....
d - Summon Ice Beast      Ice/Summ       ###.....     19%         4    #####..

Your spell library contained the following spells:

 Spells                   Type           Power        Failure   Level  Hunger
 Throw Icicle             Conj/Ice       ##......     38%         4    #####..


Dungeon Overview and Level Annotations

Branches:
Dungeon (4/15)
 Temple: D:4-7

Altars:
Dithmenos

Shops:
D:4 [

Annotations:
D:3 Grinder


Message History

You hit the orc.
The orc is almost dead.
The orc barely misses you.
Casting: Ozocubu's Armour (safe; 9% risk of failure)
Confirm with . or Enter, or press ? or * to list all spells.
Okay, then.
You barely miss the orc.
The orc is almost dead.
The orc hits you.
The orc priest mumbles some strange prayers to Beogh against you.
Beogh smites you!
* * * LOW HITPOINT WARNING * * *
The orc barely misses you.
Okay, then.
As you read the scroll labeled HISHARONEP, it crumbles to dust.
You hear a loud clanging noise!
It was a scroll of noise.
The orc misses you.
As you read the scroll labeled IFYCLI DAYK, it crumbles to dust.
You assume a fearsome visage.
The orc looks frightened!
The orc priest looks frightened!
The orc looks frightened!
It was a scroll of fear.
You hit the orc.
You kill the orc!
An orc is nearby!
You start resting.
The orc is too close now for your liking.
Casting: Ozocubu's Armour (safe; 9% risk of failure)
Confirm with . or Enter, or press ? or * to list all spells.
A chill wind blows around you. What are your orders? t - Shout!
Orders for allies: a - Attack new target. r - Retreat! s - Stop attacking. g - Guard the area. f - Follow me.
Anything else - Cancel.
Gang up on whom?
Press: ? - help, Dir - move target cursor, f - orc
Aim: an orc, wielding a +0 whip and wearing a +0 chain mail Attack!
Your ice beast hits the orc but does no damage.
The orc hits your ice beast but does no damage.
Your ice beast closely misses the orc.
The orc barely misses your ice beast.
Your ice beast hits the orc.
Your ice beast freezes the orc.
The orc hits your ice beast with a +0 whip.
Your ice beast hits the orc.
Your ice beast freezes the orc!
The orc dies!
The orc priest invokes the aid of Beogh against you.
Your ice beast writhes in agony!
What are your orders? t - Shout!
Orders for allies: a - Attack new target. r - Retreat! s - Stop attacking. g - Guard the area. f - Follow me.
Anything else - Cancel.
Gang up on whom?
Press: ? - help, Dir - move target cursor, f - orc priest
Aim: an orc priest Attack!
The orc priest invokes the aid of Beogh against you.
Your ice beast writhes in agony!
Your ice beast dies!
The orc priest calls down the wrath of Beogh upon you.
Beogh smites you!
* * * LOW HITPOINT WARNING * * *
Casting: Summon Ice Beast (slightly dangerous; 19% risk of failure)
Confirm with . or Enter, or press ? or * to list all spells.
Aiming: Throw Frost (safe; 6% risk of failure)
Press: ? - help, Shift-Dir - straight line, f/p - orc priest
Aim: an orc priest The puff of frost hits the orc priest.
The orc priest is heavily wounded.
Casting: Throw Frost (safe; 6% risk of failure)
Confirm with . or Enter, or press ? or * to list all spells.
Aiming: Throw Frost (safe; 6% risk of failure)
Press: ? - help, Shift-Dir - straight line, f/p - orc priest
Aim: an orc priest (heavily wounded)
The puff of frost hits the orc priest.
The orc priest is severely wounded.
Evoke which item? (* to show all) (? for menu, Esc to quit)
Aiming: Enslavement
Press: ? - help, Shift-Dir - straight line, f/p - orc priest
Aim: an orc priest (severely wounded, chance to defeat MR: 46%)
Okay, then.
As you read the scroll labeled IXKEBA PAEXON, it crumbles to dust.
You hear the tinkle of a tiny bell.
It was a scroll of random uselessness.
Evoke which item? (* to show all) (? for menu, Esc to quit)
Aiming: Enslavement
Press: ? - help, Shift-Dir - straight line, f/p - orc priest
Aim: an orc priest (severely wounded, chance to defeat MR: 46%)
The orc priest resists with some effort.
Evoke which item? (* to show all) (? for menu, Esc to quit)
Aiming: Enslavement
Press: ? - help, Shift-Dir - straight line, f/p - orc priest
Aim: an orc priest (severely wounded, chance to defeat MR: 46%)
The orc priest resists with some effort.
The orc priest calls down the wrath of Beogh upon you.
Beogh smites you!
You die...

...###. #....#. ##
#..... .##......
#....#....
########..... #..
#@.o)....# #. #.o
######.†## #.###.o
##.# #...o.. #.##
###....
########()####o....
#..(....#.)<)#(..=.
#.......####)[.#.##
#.......#........##
#......)#....##....


You could see an orc priest.

Vanquished Creatures
  Sigmund (D:3)
  An ogre (D:4)
  A hound (D:4)
  A bullfrog skeleton (D:4)
  4 orc wizards
  Ijyb (D:3)
  Terence (D:2)
  A worker ant (D:3)
  Robin (D:3)
  2 adders
  4 gnolls
  An adder skeleton (D:4)
  2 worms (D:2)
  2 dart slugs
  3 leopard geckos
  4 orcs
  6 bats
  2 giant cockroaches (D:1)
  21 goblins
  13 hobgoblins
  9 jackals (D:3)
  9 kobolds
  A ball python (D:4)
  5 frilled lizards
  14 rats
110 creatures vanquished.

Vanquished Creatures (collateral kills)
  An orc priest (D:4)
  An ooze (D:4)
  3 orcs (D:4)
5 creatures vanquished.

Grand Total: 115 creatures vanquished

Notes
Turn   | Place    | Note
-------+----------+-------------------------------------------
     0 | D:1      | Artagas the Merfolk Ice Elementalist began the quest for
                  | the Orb.
     0 | D:1      | Reached XP level 1. HP: 13/13 MP: 3/3
   323 | D:1      | Reached XP level 2. HP: 17/19 MP: 1/5
   324 | D:1      | Reached skill level 4 in Ice Magic
   336 | D:1      | Learned a level 2 spell: Throw Frost
   674 | D:1      | Reached XP level 3. HP: 18/24 MP: 3/6
  1331 | D:2      | Found a faded altar of an unknown god.
  1341 | D:2      | Reached skill level 5 in Ice Magic
  1473 | D:2      | Noticed Terence
  1513 | D:1      | Learned a level 3 spell: Ozocubu's Armour
  1595 | D:2      | Killed Terence
  1595 | D:2      | Reached XP level 4. HP: 19/30 MP: 0/7
  2296 | D:2      | Noticed an ice beast
  2917 | D:3      | Noticed Sigmund
  2921 | D:3      | Found a shadowy altar of Dithmenos.
  2945 | D:3      | Killed Sigmund
  2945 | D:3      | Reached skill level 2 in Charms
  2945 | D:3      | Reached skill level 6 in Ice Magic
  2945 | D:3      | Reached XP level 5. HP: 25/35 MP: 0/9
  2945 | D:3      | Reached XP level 6. HP: 30/41 MP: 0/10
  3143 | D:3      | Learned a level 4 spell: Summon Ice Beast
  3561 | D:3      | Noticed Robin
  3592 | D:3      | Reached skill level 3 in Spellcasting
  3866 | D:3      | Noticed Grinder
  4038 | D:3      | Reached skill level 1 in Summonings
  4454 | D:4      | Noticed Ijyb
  4468 | D:3      | Killed Ijyb
  4561 | D:3      | HP: 4/41 [orc/+0 mace (4)]
  4570 | D:3      | HP: 3/41 [orc/+0 mace (3)]
  4960 | D:4      | Reached skill level 2 in Summonings
  4960 | D:4      | Reached XP level 7. HP: 8/46 MP: 5/11
  5160 | D:3      | Killed Robin
  5316 | D:4      | Reached skill level 7 in Ice Magic
  5338 | D:4      | Reached skill level 3 in Summonings
  5438 | D:4      | Found Ekkiphox's Antique Armour Shop.
  5467 | D:3      | HP: 4/46 [Grinder/nerve-wracking pain (13)]
  5476 | D:3      | Paralysed by Grinder for 6 turns
  5851 | D:3      | Reached skill level 4 in Summonings
  6057 | D:4      | HP: 4/46 [orc priest/divine providence (10)]
  6062 | D:4      | Killed from afar by an orc priest

Vault maps used:
D:1:      psy_arrival_statuary, minivault_14, minmay_pentomino_q4
D:2:      chequers_ecumenical_altar_simple, uniq_terence
D:3:      grunt_dithmenos_smoke, uniq_robin, uniq_grinder, uniq_sigmund
D:4:      serial_shops, nicolae_shop_overgrown_old_shop, uniq_ijyb

Skill      XL: |  1  2  3  4  5  6  7 |
---------------+----------------------+-----
Ice Magic      | 4 5 6 7 |  7.0
Charms         | 2 |  2.5
Spellcasting   | 3 |  3.0
Summonings     | 2 4 |  4.3
Dodging        | |  2.6
Stealth        | |  2.1
Conjurations   | |  0.7

Action                   |  1- 3 |  4- 6 |  7- 9 || total
-------------------------+-------+-------+-------++-------
Melee: Unarmed           |     3 |       |       ||     3
       Dagger            |    52 |     9 |     1 ||    62
       Club              |     4 |       |       ||     4
       Long sword        |       |    76 |    36 ||   112
 Cast: Freeze            |    48 |    62 |    20 ||   130
       Throw Frost       |     2 |    10 |    13 ||    25
       Ozocubu's Armour  |     1 |     6 |     7 ||    14
       Summon Ice Beast  |       |       |     2 ||     2
Evoke: Wand              |       |       |     2 ||     2
  Use: Scroll            |     5 |       |     7 ||    12
       Potion            |       |     2 |     1 ||     3
 Stab: Sleeping          |       |     2 |     1 ||     3
  Eat: Chunk             |     2 |    10 |     3 ||    15
       Ration            |       |     1 |     1 ||     2
Armor: Robe              |    22 |    19 |    13 ||    54
       Skin              |       |     9 |       ||     9
Dodge: Dodged            |    65 |   110 |    49 ||   224
       Rpst.: Long sword |       |    27 |    14 ||    41

Table legend:
 A = Non-vault XP
 B = Vault XP
 C = Vault XP percentage of total XP
 D = Non-vault monster count
 E = Vault monster count
 F = Vault count percentage of total count
                 A         B        C        D         E       F
            +---------+---------+-------+---------+---------+-------
      Total |     656 |     343 |  34.3 |      97 |      18 |  15.7
            +---------+---------+-------+---------+---------+-------
        D:1 |      38 |       5 |  11.6 |      22 |       4 |  15.4
        D:2 |      76 |      36 |  32.1 |      27 |       1 |   3.6
        D:3 |     222 |     302 |  57.6 |      35 |      13 |  27.1
        D:4 |     320 |       0 |   0.0 |      13 |       0 |   0.0
            +---------+---------+-------+---------+---------+-------

Vault maps used:
D:1:      psy_arrival_statuary, minivault_14, minmay_pentomino_q4
D:2:      chequers_ecumenical_altar_simple, uniq_terence
D:3:      grunt_dithmenos_smoke, uniq_robin, uniq_grinder, uniq_sigmund
D:4:      serial_shops, nicolae_shop_overgrown_old_shop, uniq_ijyb

Table legend:
 A = Turns spent in this place as a percentage of turns spent in the entire game.
 B = Non-inter-level travel turns spent in this place as a percentage of non-inter-level travel turns spent in the entire game.
 C = Inter-level travel turns spent in this place as a percentage of turns spent in this place.
 D = Turns resting spent in this place as a percentage of non-inter-level travel turns spent in this place.
 E = Turns spent auto-exploring this place as a percentage of non-inter-level travel turns spent in this place.
 F = Non-inter-level travel turns spent in this place divided by the number of levels of this place that you've seen.
                   A       B       C       D       E      F
               +-------+-------+-------+-------+-------+----------------------
         Total | 100.0 | 100.0 |   4.6 |  34.6 |  40.7 | 1445.8
       Dungeon | 100.0 | 100.0 |   4.6 |  34.6 |  40.7 | 1445.8
               +-------+-------+-------+-------+-------+----------------------

Table legend:
 A = Kills in this place as a percentage of kills in entire the game.
 B = Kills by you in this place as a percentage of kills by you in the entire game.
 C = Kills by friends in this place as a percentage of kills by friends in the entire game.
 D = Other kills in this place as a percentage of other kills in the entire game.
 E = Experience gained in this place as a percentage of experience gained in the entire game.
 F = Experience gained in this place divided by the number of levels of this place that you have seen.
                   A       B       C       D       E      F
               +-------+-------+-------+-------+-------+----------------------
         Total | 100.0 | 100.0 | 100.0 |   N/A | 100.0 | 249.8
       Dungeon | 100.0 | 100.0 | 100.0 |   N/A | 100.0 | 249.8
               +-------+-------+-------+-------+-------+----------------------
